 Dungeon Crawl Stone Soup version 0.18-a0-241-g014938f (webtiles) character file.

177 Proton the Shield-Bearer (level 5, 0/42 HPs)
             Began as a Formicid Fighter on Nov 25, 2015.
             Was an Initiate of Nemelex Xobeh.
             Succumbed to an adder's poison
             ... on level 4 of the Dungeon.
             The game lasted 00:07:51 (1508 turns).

Proton the Shield-Bearer (Formicid Fighter)         Turns: 1508, Time: 00:07:51

Health: 0/42       AC:  9    Str: 21    XL:     5   Next: 87%
Magic:  6/6        EV:  6    Int:  8    God:    Nemelex Xobeh [......]
Gold:   142        SH:  9    Dex: 10    Spells: 0 memorised, 4 levels left

rFire  . . .     SeeInvis +     a - +0 war axe
rCold  . . .     Clarity  .     t - +0 chain mail
rNeg   . . .     SustAt   .     c - +0 shield
rPois  .         Gourm    .     (helmet unavailable)
rElec  .         Spirit   .     (no cloak)
rCorr  .         Warding  .     (no gloves)
rMut   .         Stasis   +     (no boots)
MR     .....                    r - amulet of inaccuracy (curse)
Stlth  ..........               (no ring)
                                n - ring of wizardry

@: lethally poisoned (0 -> -6), not resistant to hostile enchantments, extremely
unstealthy
A: permanent stasis, dig shafts and tunnels, four strong arms, antennae 3
a: Dig, Shaft Self, Renounce Religion


You were on level 4 of the Dungeon.
You worshipped Nemelex Xobeh.
Nemelex Xobeh was noncommittal.
You were not hungry.

You visited 1 branch of the dungeon, and saw 4 of its levels.

You collected 142 gold pieces.

Inventory:

Hand Weapons
 a - a +0 war axe (weapon)
Armour
 c - a +0 shield (worn)
 t - a +0 chain mail (worn)
Jewellery
 n - a ring of wizardry (left hand)
 r - a cursed amulet of inaccuracy (around neck)
Scrolls
 f - 2 scrolls of immolation {unknown}
 g - a scroll of amnesia {unknown}
 h - 2 scrolls of fog {unknown}
 j - a scroll of blinking {unknown}
 k - 7 scrolls of identify {unknown}
 l - a scroll of enchant armour {unknown}
 p - a scroll of fear {unknown}
Potions
 d - a potion of might
 i - a potion of haste {unknown}
 q - a potion of curing {unknown}
Books
 m - a book of Unlife

   Spells                             Type                      Level
   a - Recall                         Summoning/Translocation      3
   b - Animate Dead                   Necromancy                   4
   c - Control Undead                 Necromancy                   4
   d - Cigotuvi's Embrace             Necromancy                   5
   e - Death Channel                  Necromancy                   6
   f - Simulacrum                     Ice/Necromancy               6
Miscellaneous
 o - a plain deck of destruction {drawn: 2}
Comestibles
 e - a bread ration
 s - a royal jelly


   Skills:
 + Level 4.2 Fighting
 + Level 2.8 Axes
 + Level 4.0 Armour
 + Level 1.6 Dodging
 + Level 4.4 Shields
 + Level 1.6 Evocations


You had 4 spell levels left.
You didn't know any spells.

Dungeon Overview and Level Annotations

Branches:
Dungeon (4/15)
 Temple: D:4-7

Altars:
Dithmenos
Nemelex Xobeh

Annotations:
D:3 Grinder


Innate Abilities, Weirdness & Mutations

You are under a permanent stasis effect.
You can dig through walls and to a lower floor.
Your four strong arms can wield two-handed weapons with a shield.
You have a pair of large antennae on your head (SInv).


Message History

The ogre is moderately wounded.
You hit the adder.
The adder is heavily wounded.
You feel sick. The adder bites you but does no damage. The adder bites you.
* * * LOW HITPOINT WARNING * * *
You are more poisoned.
The adder poisons you! You block the ogre's attack.
You barely miss the ogre.
The ogre is moderately wounded.
You miss the adder.
The adder is heavily wounded.
* * * LOW HITPOINT WARNING * * *
You feel sick. The adder completely misses you.
The adder bites you but does no damage. The ogre hits you but does no damage.
You closely miss the ogre.
The ogre is moderately wounded.
You completely miss the adder.
The adder is heavily wounded.
You die...
Your body disappears without a glow. ## .. .# .# .# .# ########S# ......O@.# ##########{ { {{

You could see an ogre and an adder.

Vanquished Creatures
  The ghost of P0WERM0DE the Skirmisher, an amateur DsCK of Xom (D:3)
  An orc wizard (D:3)
  2 adders (D:3)
  An ooze (D:2)
  3 orcs
  6 bats
  7 hobgoblins
  5 kobolds
  A ball python (D:1)
  2 giant cockroaches (D:2)
  A giant newt (D:3)
  6 goblins
  6 rats
42 creatures vanquished.

Notes
Turn   | Place    | Note
--------------------------------------------------------------
     0 | D:1      | Proton the Formicid Fighter began the quest for the Orb.
     0 | D:1      | Reached XP level 1. HP: 18/18 MP: 1/1
   100 | D:1      | Reached XP level 2. HP: 21/24 MP: 2/2
   729 | D:2      | Reached XP level 3. HP: 29/29 MP: 3/3
   862 | D:2      | Found a sparkling altar of Nemelex Xobeh.
   874 | D:2      | Became a worshipper of Nemelex Xobeh the Trickster
   938 | D:2      | Received a gift from Nemelex Xobeh
  1058 | D:3      | Found a shadowy altar of Dithmenos.
  1065 | D:3      | Reached skill level 1 in Dodging
  1065 | D:3      | Reached skill level 4 in Shields
  1078 | D:3      | Reached XP level 4. HP: 24/37 MP: 4/4
  1168 | D:3      | Noticed P0WERM0DE's ghost (amateur DsCK)
  1194 | D:3      | Killed P0WERM0DE's ghost
  1194 | D:3      | Reached skill level 1 in Evocations
  1194 | D:3      | Reached XP level 5. HP: 7/42 MP: 5/5
  1480 | D:3      | Noticed Grinder
  1501 | D:4      | Noticed an ogre
  1506 | D:4      | HP: 1/42 [adder (4)]
  1508 | D:4      | Succumbed to an adder's poison

Vault maps used:
D:1:      lightli_arrival_flooded_house, serial_park_tiny_2, bh_walls_and_bars
D:2:      nemelex_dance_club_becter
D:3:      grunt_dithmenos_smoke, uniq_grinder
D:4:      nicolae_ru_the_path_less_chosen

Action                   |  1- 3 |  4- 6 || total
-------------------------+-------+-------++-------
Melee: War axe           |    86 |    61 ||   147
Evoke: Deck              |     1 |     1 ||     2
  Use: Potion            |       |     1 ||     1
  Eat: Bread ration      |       |     1 ||     1
